 Dungeon Crawl Stone Soup version 0.16.0-18-g484a79e (webtiles) character file.

240 McCoppin the Slasher (level 6, -2/47 HPs)
             Began as a Formicid Chaos Knight on Mar 22, 2015.
             Slain by a river rat (3 damage)
             ... in a sewer.
             The game lasted 00:05:55 (1674 turns).

McCoppin the Slasher (Formicid Chaos Knight)        Turns: 1674, Time: 00:05:55

Health: -2/47      AC:  8    Str: 18    XL:     6   Next: 30%
Magic:  8/8        EV:  9    Int: 12    God:    Xom [......]
Gold:   90         SH:  0    Dex: 10    Spells: 0 memorised, 5 levels left

rFire  . . .     SeeInvis +     a - +0 falchion (chaos)
rCold  . . .     Clarity  .     n - +0 scale mail
rNeg   . . .     SustAb   .     (no shield)
rPois  .         Gourm    .     (helmet unavailable)
rElec  .         Spirit   .     (no cloak)
rCorr  .         Warding  .     l - +1 pair of gloves
rMut   .         Stasis   +     (no boots)
MR     .....                    (no amulet)
Stlth  ..........               (no ring)
                                (no ring)

@: flying, not resistant to hostile enchantments, extremely unstealthy
A: permanent stasis, dig shafts and tunnels, four strong arms, antennae 3,
talons 1, blurry vision 1, high mp 1, wild magic 2, evolution 1
a: Dig, Shaft Self, Renounce Religion


You were in a sewer.
You worshipped Xom.
You were a very special plaything of Xom.
You were hungry.

You visited 1 branch of the dungeon, and saw 5 of its levels.
You also visited: Sewer.

You collected 90 gold pieces.

Inventory:

Hand weapons
 a - a +0 falchion of chaos (weapon)
Armour
 b - a +2 leather armour
 l - a +1 pair of gloves (worn)
 n - a +0 scale mail (worn)
Jewellery
 k - an uncursed ring of ice {unknown}
Scrolls
 d - 2 scrolls of identify {unknown}
 e - a scroll of blinking {unknown}
 h - 3 scrolls of fear
 j - a scroll of recharging {unknown}
 m - a scroll of remove curse
 p - a scroll of enchant weapon {unknown}
Potions
 o - a potion of heal wounds {unknown}
Comestibles
 c - 2 bread rations
 g - a meat ration


   Skills:
 - Level 3.2 Fighting
 + Level 6.6 Long Blades
 - Level 2.1 Armour
 - Level 0.8 Dodging


You had 5 spell levels left.
You didn't know any spells.

Dungeon Overview and Level Annotations

Branches:
Dungeon (5/15)
 Temple: D:4-7

Altars:


Innate Abilities, Weirdness & Mutations

You are under a permanent stasis effect.
You can dig through walls and to a lower floor.
Your four strong arms can wield two-handed weapons with a shield.
You have a pair of large antennae on your head (SInv).
You have sharp toenails.
Scrolls take you a little longer to read.
You have an increased reservoir of magic (+10% MP).
Your spells are harder to cast, but more powerful.
You evolve.


Message History

The river rat bites you.
* * * LOW HITPOINT WARNING * * *
You closely miss the river rat. Your kick misses the river rat.
The river rat is heavily wounded.
The river rat completely misses you. The river rat misses you.
You barely miss the river rat.
You claw the river rat, but do no damage.
The river rat is heavily wounded.
The river rat bites you but does no damage. x2
You hit the river rat but do no damage.
You claw the river rat, but do no damage.
The river rat is heavily wounded.
The river rat closely misses you. The river rat bites you.
* * * LOW HITPOINT WARNING * * *
You closely miss the river rat.
The river rat is heavily wounded.
The river rat bites you.
* * * LOW HITPOINT WARNING * * *
The river rat bites you.
You die...

#≈#
#≈#
#≈#
#.#
#.#
#.#
#r#
#r#
#@#
#r#
#r#
#∩#
#.#
#.#
#.#
#.#
###


You could see 2 river rats and 2 rats.

Vanquished Creatures
  An ogre (D:4)
  Sigmund (D:2)
  Robin (D:2)
  A river rat (Sewer)
  A giant mite (D:1)
  A worm (D:2)
  A giant gecko (D:2)
  An orc (D:3)
  A giant cockroach (shapeshifter) (D:2)
  3 giant cockroaches
  10 goblins
  10 hobgoblins
  A quokka (D:2)
  3 bats
  3 giant newts
  5 jackals
  6 kobolds
  7 rats
57 creatures vanquished.

Notes
Turn   | Place    | Note
--------------------------------------------------------------
     0 | D:1      | McCoppin, the Formicid Chaos Knight, began the quest for the Orb.
     0 | D:1      | Reached XP level 1. HP: 18/18 MP: 1/1
    63 | D:1      | XOM: harmless Conj miscast
    97 | D:1      | Reached XP level 2. HP: 22/24 MP: 3/3
   144 | D:1      | XOM: harmless Ice miscast
   313 | D:1      | XOM: stat loss: -1 Str (15/16)
   323 | D:1      | XOM: enchant monster (bad)
   480 | D:2      | Noticed Robin
   483 | D:2      | Killed Robin
   483 | D:2      | Reached skill level 4 in Long Blades
   483 | D:2      | Reached XP level 3. HP: 27/29 MP: 4/4
   871 | D:1      | XOM: colour smoke trail
  1040 | D:2      | Reached XP level 4. HP: 33/35 MP: 5/5
  1071 | D:2      | Gained mutation: Your spells are a little harder to cast, but a little more powerful. [potion of mutation]
  1071 | D:2      | Gained mutation: Scrolls take you a little longer to read. [potion of mutation]
  1071 | D:2      | Gained mutation: You evolve. [potion of mutation]
  1106 | D:2      | XOM: harmless Necr miscast
  1337 | D:2      | Noticed Sigmund
  1348 | D:2      | Killed Sigmund
  1348 | D:2      | Reached skill level 5 in Long Blades
  1348 | D:2      | Reached XP level 5. HP: 38/41 MP: 7/7
  1428 | D:2      | XOM: harmless Necr miscast
  1443 | D:2      | Gained mutation: You have sharp toenails. [mutagenic meat]
  1444 | D:2      | Gained mutation: You have an increased reservoir of magic (+10% MP). [mutagenic meat]
  1445 | D:2      | Gained mutation: Your spells are harder to cast, but more powerful. [mutagenic meat]
  1585 | D:4      | Noticed an ogre
  1593 | D:4      | Killed an ogre
  1593 | D:4      | Reached skill level 6 in Long Blades
  1593 | D:4      | Reached XP level 6. HP: 35/47 MP: 8/8
  1610 | D:5      | Entered Level 5 of the Dungeon
  1647 | D:5      | Found a glowing drain.
  1652 | Sewer    | Entered a sewer
  1674 | Sewer    | HP: 1/47 [river rat (3)]
  1674 | Sewer    | Slain by a river rat

Action                   |  1- 3 |  4- 6 || total
-------------------------+-------+-------++-------
Melee: Falchion          |    85 |   111 ||   196
 Abil: Dig               |       |     1 ||     1
  Use: Scroll            |     6 |       ||     6
       Potion            |       |     2 ||     2
 Stab: Paralysed         |     1 |     1 ||     2
  Eat: Chunk             |       |     5 ||     5
